 Dungeon Crawl Stone Soup version 0.21.1-1-g345015f (webtiles) character file.

47 pk666 the Magician (level 3, -1/19 HPs)
             Began as a Deep Elf Wizard on Feb 13, 2018.
             Slain by Grinder (6 damage)
             ... while paralysed by Grinder
             ... on level 3 of the Dungeon.
             The game lasted 00:04:41 (1993 turns).

pk666 the Magician (Deep Elf Wizard)                Turns: 1993, Time: 00:04:41

Health: -1/19      AC:  2    Str:  4    XL:     3   Next: 48%
Magic:  7/11       EV:  2    Int: 23    God:
Gold:   137        SH:  0    Dex: 13    Spells: 3/12 levels left

rFire    . . .     SeeInvis .   q - +0 dagger (protect)
rCold    . . .     Gourm    .   (no shield)
rNeg     . . .     Faith    .   a - +0 robe
rPois    .         Spirit   .   b - +0 hat
rElec    .         Reflect  .   (no cloak)
rCorr    .         Harm     .   (no gloves)
MR       .....                  (no boots)
Stlth    ++........             (no amulet)
HPRegen  0.06/turn              (no ring)
MPRegen  0.12/turn              (no ring)

@: paralysed
A: no striking features
a: no special abilities


You were on level 3 of the Dungeon.
You were not hungry.

You visited 1 branch of the dungeon, and saw 3 of its levels.

You collected 137 gold pieces.

Inventory:

Hand Weapons
 q - a +0 dagger of protection (weapon)
Armour
 a - a +0 robe (worn)
 b - a +0 hat (worn)
Jewellery
 j - an uncursed amulet of harm {unknown}
Scrolls
 e - 2 scrolls of amnesia {unknown}
 f - a scroll of random uselessness {unknown}
 g - 4 scrolls of identify {unknown}
 h - a scroll of magic mapping {unknown}
 k - 2 scrolls of teleportation {unknown}
 n - a scroll of fog {unknown}
Potions
 i - 2 potions of degeneration {unknown}
 l - a potion of curing {unknown}
 p - 2 potions of heal wounds {unknown}
Books
 c - a book of Minor Magic

   Spells                             Type                      Level
   a - Magic Dart                     Conjuration                  1
   b - Blink                          Translocation                2
   c - Call Imp                       Summoning                    2
   d - Slow                           Hexes                        2
   e - Conjure Flame                  Conjuration/Fire             3
   f - Mephitic Cloud                 Conjuration/Poison/Air       3
Comestibles
 d - 5 rations
 m - 3 chunks of flesh


   Skills:
 + Level 0.0 Short Blades
 + Level 3.2 Dodging
 - Level 2.4 Stealth
 + Level 5.1 Spellcasting
 + Level 2.2 Conjurations
   Level 1.1 Summonings
 - Level 1.1 Translocations
 * Level 0.1 Fire Magic
 * Level 0.2 Air Magic
 * Level 0.3 Poison Magic


You had 3 spell levels left.
You knew the following spells:

 Your Spells              Type           Power        Failure   Level  Hunger
a - Magic Dart            Conj           ###.         3%          1    None
b - Blink                 Tloc           N/A          9%          2    None
d - Conjure Flame         Conj/Fire      ##......     17%         3    ##.....
z - Mephitic Cloud        Conj/Pois/Air  ##......     19%         3    ##.....


Dungeon Overview and Level Annotations

Branches:
Dungeon (3/15)

Altars:
Ashenzari
Cheibriados

Annotations:
D:3 Grinder


Message History

Aiming: Magic Dart
Press: ? - help, Shift-Dir - straight line, f/p - Grinder
Aim: Grinder (moderately wounded)
The magic dart hits Grinder.
Grinder is moderately wounded.
Grinder gestures at you. You resist with significant effort.
Grinder blinks!
Grinder blinks!
Grinder gestures at you.
You suddenly lose the ability to move!
Grinder gestures at you.
You shrug off the repeated paralysis!
Grinder blinks!
Grinder gestures at you.
You shrug off the repeated paralysis!
Grinder gestures at you.
You barely resist. Grinder hits you.
You die...

# #...#
######################...#
.......<.................#
########<.).....######...# #
#..######## #...# # ####
#...# ######## #########
####......#####.......#
######.........5@....##....#
.......##...[..#######..####
.).######).....# #.5.##
....## #......# #..## .....#
#......# #..# .....#
#......# #.# .....# #......#
.. .......#####.### ...###..


You could see Grinder.

Vanquished Creatures
  3 worms (D:3)
  A leopard gecko (D:3)
  5 bats
  2 giant cockroaches
  4 goblins
  3 hobgoblins
  9 jackals
  3 kobolds
  A frilled lizard (D:2)
  A rat (D:1)
32 creatures vanquished.

Notes
Turn   | Place    | Note
-------+----------+-------------------------------------------
     0 | D:1      | pk666 the Deep Elf Wizard began the quest for the Orb.
     0 | D:1      | Reached XP level 1. HP: 10/10 MP: 7/7
   272 | D:1      | Reached XP level 2. HP: 15/15 MP: 3/9
  1215 | D:2      | Found a shattered altar of Ashenzari.
  1420 | D:3      | Reached XP level 3. HP: 19/19 MP: 1/11
  1586 | D:3      | Reached skill level 5 in Spellcasting
  1634 | D:3      | Learned a level 2 spell: Blink
  1638 | D:3      | Learned a level 3 spell: Mephitic Cloud
  1642 | D:3      | Learned a level 3 spell: Conjure Flame
  1892 | D:3      | Found a snail-covered altar of Cheibriados.
  1926 | D:3      | Noticed Grinder
  1944 | D:3      | Paralysed by Grinder for 3 turns
  1968 | D:3      | Paralysed by Grinder for 5 turns
  1987 | D:3      | Paralysed by Grinder for 7 turns
  1993 | D:3      | Slain by Grinder

Skill      XL: |  1  2  3 |
---------------+----------+-----
Dodging        | 3 |  3.2
Conjurations   | 2 |  2.2
Spellcasting   | 5 |  5.1
Stealth        | |  2.4
Summonings     | |  1.1
Translocations | |  1.1
Fire Magic     | |  0.1
Air Magic      | |  0.2
Poison Magic   | |  0.3

Action                   || total
-------------------------++-------
Melee: Dagger            ||     1
 Cast: Magic Dart        ||   104
  Eat: Chunk             ||     3
Armor: Robe              ||     5
Dodge: Dodged            ||    24
